 Dungeon Crawl Stone Soup version 0.18-a0-1639-g7533f42 (webtiles) character file.

159 namelastname112 the Insei (level 5, 0/45 HPs)
             Began as a Draconian Monk on Mar 27, 2016.
             Slain by an iguana (10 damage)
             ... on level 4 of the Dungeon.
             The game lasted 00:02:42 (2731 turns).

namelastname112 the Insei (Draconian Monk)          Turns: 2731, Time: 00:02:43

Health: 0/45       AC:  5    Str: 14    XL:     5   Next: 17%
Magic:  5/5        EV: 11    Int: 10    God:
Gold:   141        SH:  0    Dex: 14    Spells: 0 memorised, 4 levels left

rFire  . . .     SeeInvis .       - Unarmed
rCold  . . .     Gourm    .     (armour unavailable)
rNeg   . . .     Faith    .     (no shield)
rPois  .         Spirit   .     (helmet restricted)
rElec  .         Dismiss  .     (no cloak)
rCorr  .         Reflect  .     (no gloves)
SustAt .         Harm     .     (no boots)
MR     +....                    (no amulet)
Stlth  +.........               l - -2 ring of evasion (curse)
                                v - ring of protection from magic

@: confused, somewhat resistant to hostile enchantments, very unstealthy
A: unfitting armour, cold-blooded, AC +5
a: no special abilities


You were on level 4 of the Dungeon.
You were hungry.

You visited 1 branch of the dungeon, and saw 4 of its levels.

You collected 141 gold pieces.

Inventory:

Jewellery
 l - a cursed -2 ring of evasion (right hand)
 r - an uncursed ring of poison resistance
 u - an uncursed ring of protection from fire
 v - a ring of protection from magic (left hand)
Scrolls
 b - 2 scrolls of remove curse {unknown}
 e - 2 scrolls of teleportation {unknown}
 f - a scroll of noise {unknown}
 i - a scroll of identify {unknown}
 k - 2 scrolls of recharging {unknown}
 m - a scroll of enchant armour {unknown}
 p - a scroll of fog {unknown}
 t - a scroll of fear {unknown}
Potions
 c - a potion of flight
 h - a potion of agility {unknown}
 j - a potion of resistance {unknown}
 n - 2 potions of haste {unknown}
Books
 x - a book of Clouds

   Spells                             Type                      Level
   a - Mephitic Cloud                 Conjuration/Poison/Air       3
   b - Conjure Flame                  Conjuration/Fire             3
   c - Poisonous Cloud                Conjuration/Poison/Air       6
   d - Freezing Cloud                 Conjuration/Ice/Air          6
   e - Ring of Flames                 Charms/Fire                  7
Comestibles
 a - 2 bread rations
 g - a meat ration
 o - a slice of pizza


   Skills:
 - Level 3.2 Fighting
 - Level 2.6 Dodging
 - Level 1.7 Stealth
 + Level 6.5 Unarmed Combat


You had 4 spell levels left.
You didn't know any spells.

Dungeon Overview and Level Annotations

Branches:
Dungeon (4/15)
 Temple: D:4-7

Altars:
Gozag


Innate Abilities, Weirdness & Mutations

Your plain brown scales are hard (AC +5).
Your body does not fit into most forms of armour.
You are cold-blooded and may be slowed by cold attacks.


Message History

It was a potion of cancellation.
Your magical effects are unravelling.
You feel magically purged. The iguana closely misses you.
Drink which item? (? for menu, Esc to quit)
It was a potion of curing.
You feel better.
You float gracefully downwards.
The iguana bites you!
* * * LOW HITPOINT WARNING * * *
Drink which item? (? for menu, Esc to quit)
It was a potion of ambrosia.
You are confused.
You feel invigorated.
The iguana bites you but does no damage.
The iguana bites you!
* * * LOW HITPOINT WARNING * * *
The iguana barely misses you. The iguana closely misses you.
The iguana bites you!
* * * LOW HITPOINT WARNING * * *
The iguana bites you!
You die...

#.............
#............#
##..........##
##...<....##
##......##
##...###
######..##
#####.......#
#<@l..#####..#
####### ##..#
#..# #..# #..#
#..


You could see an iguana.

Vanquished Creatures
  Jessica (D:3)
  A gnoll (D:1)
  6 adders
  2 worms
  4 giant geckos
  An orc (D:3)
  A ball python (D:2)
  4 bats
  14 goblins
  7 hobgoblins
  4 kobolds
  9 giant newts
  7 rats
61 creatures vanquished.

Vanquished Creatures (others)
  2 plants (D:2)
2 creatures vanquished.

Grand Total: 63 creatures vanquished

Notes
Turn   | Place    | Note
--------------------------------------------------------------
     0 | D:1      | namelastname112 the Draconian Monk began the quest for the Orb.
     0 | D:1      | Reached XP level 1. HP: 19/19 MP: 1/1
    57 | D:1      | Reached XP level 2. HP: 8/26 MP: 2/2
   515 | D:1      | Reached skill level 5 in Unarmed Combat
   520 | D:1      | Reached XP level 3. HP: 25/31 MP: 3/3
  1452 | D:2      | Reached XP level 4. HP: 24/38 MP: 4/4
  2055 | D:3      | Noticed Jessica
  2059 | D:3      | Killed Jessica
  2059 | D:3      | Reached skill level 6 in Unarmed Combat
  2112 | D:3      | Found an opulent altar of Gozag.
  2463 | D:3      | Reached XP level 5. HP: 43/45 MP: 5/5
  2727 | D:4      | HP: 1/45 [iguana (12)]
  2731 | D:4      | Slain by an iguana

Vault maps used:
D:1:      dpeg_arrival_shrine
D:2:      minmay_lizard_king
D:3:      grunt_gozag_breadcrumbs, uniq_jessica
D:4:      serial_shops, nicolae_shop_competitors_out_of_business,
          corexii_checkpoint_a

Skill      XL: |  1  2  3  4 |
---------------+-------------+-----
Unarmed Combat | 5 6 |  6.5
Fighting       | |  3.2
Dodging        | |  2.6
Stealth        | |  1.7

Action                   |  1- 3 |  4- 6 || total
-------------------------+-------+-------++-------
Melee: Unarmed           |   131 |    75 ||   206
  Use: Potion            |     1 |     4 ||     5
 Stab: Sleeping          |     2 |     3 ||     5
  Eat: Chunk             |     2 |     3 ||     5
